 Dungeon Sprint DCSS version 0.18-a0-125-g4c9da24 (webtiles) character file.

12451 Kidiri the Basher (level 11, -9/124 HPs)
             Began as a Troll Berserker on Nov 21, 2015.
             Was a High Priest of Trog.
             Mangled by an eight-headed hydra (15 damage)
             ... in the Dungeon (Sprint III: "The Ten Rune Challenge").
             The game lasted 00:13:36 (2015 turns).

Kidiri the Basher (Troll Berserker)                 Turns: 2015, Time: 00:13:36

Health: -9/124     AC:  5    Str: 32    XL:     11   Next: 62%
Magic:  8/8        EV: 15    Int:  3    God:    Trog [*****.]
Gold:   50         SH:  0    Dex: 11    Spells: 0 memorised, 10 levels left

rFire  . . .     SeeInvis .     C - +6 giant club "Gubruv" {crush, *Rage rElec rPois Dex+2}
rCold  . . .     Rnd*Rage +     b - +0 animal skin
rNeg   . . .     SustAt   .     (shield currently unavailable)
rPois  +         Gourm    +     (helmet restricted)
rElec  +         Spirit   .     (no cloak)
rCorr  .         Warding  .     (gloves unavailable)
rMut   .         NoTele   +     (boots unavailable)
MR     .....                    (no amulet)
Stlth  +.........               (no ring)
                                (no ring)

@: short of breath, not resistant to hostile enchantments, very unstealthy
A: unfitting armour, claws 3, berserk 1, breathe flames 1, fast metabolism 3,
gourmand, low mp 1, poison resistance, regeneration 2, shaggy fur 1, strong 1,
tough skin 2
a: Berserk, Trog's Hand, Brothers in Arms, Burn Spellbooks, Renounce Religion,
Breathe Fire


You were in the Dungeon.
You worshipped Trog.
Trog was extremely pleased with you.
You were not hungry.

You visited 1 branch You collected 50 gold pieces.

Inventory:

Hand Weapons
 w - a +0 blowgun
 C - the +6 giant club "Gubruv" (weapon) {crush, *Rage rElec rPois Dex+2}
   (Trog gifted it to you in the Dungeon)

   It inflicts extra damage upon your enemies.
   It affects your dexterity (+2).
   It insulates you from electricity.
   It protects you from poison.
   It may make you go berserk in combat.
Missiles
 c - 5 large rocks (quivered)
 e - 2 steel tomahawks
 l - 5 steel javelins
 n - 7 exploding tomahawks
 x - 4 silver javelins
 z - 7 curare-tipped needles
 A - 6 javelins of penetration
 B - 3 needles of slowing
Armour
 b - a +0 animal skin (worn)
Wands
 y - a wand of random effects (30)
Scrolls
 i - a scroll of blinking
 j - a scroll of fear {unknown}
 m - a scroll of torment {unknown}
 o - a scroll of remove curse {unknown}
 r - a scroll of holy word {unknown}
 s - a scroll of amnesia {unknown}
Potions
 f - a potion of haste
 g - 2 potions of magic
 h - a potion of berserk rage
 k - 3 potions of cure mutation {unknown}
 q - 2 potions of flight
 t - a potion of lignification
 u - a potion of resistance {unknown}
Comestibles
 p - 23 royal jellies


   Skills:
 * Level 12.5 Fighting
 * Level 13.7 Maces & Flails
 + Level 9.7 Throwing
 + Level 8.9 Armour
 * Level 12.7 Dodging


You had 10 spell levels left.
You didn't know any spells.

Dungeon Overview and Level Annotations

Branches:
Dungeon (1/1)

Altars:
Cheibriados
Dithmenos
Elyvilon
Fedhas
Gozag
Kikubaaqudgha
Makhleb
Nemelex Xobeh
Okawaru
Qazlal
Ru
Sif Muna
Trog
Vehumet
Xom
Yredelemnul
Zin
The Shining One
Jiyva
Lugonu


Innate Abilities, Weirdness & Mutations

You are too large for most types of armour.
You have claws for hands.
Your metabolism is lightning-fast.
You like to eat raw meat.
You heal very quickly.
You are covered in fur (AC +1).
You have very tough skin (AC +2).
You tend to lose your temper in combat.
You can breathe flames.
Your magical capacity is low (-10% MP).
Your system is resistant to poisons.
Your muscles are strong. (Str +2)


Message History

The eight-headed hydra bites you!
The eight-headed hydra closely misses you.
The eight-headed hydra bites you!
The eight-headed hydra bites you but does no damage.
The eight-headed hydra bites you! x2
The eight-headed hydra bites you.
* * * LOW HITPOINT WARNING * * *
The eight-headed hydra closely misses you.
You thump the eight-headed hydra!
The eight-headed hydra is severely wounded.
The eight-headed hydra completely misses you.
The eight-headed hydra barely misses you.
The eight-headed hydra bites you.
* * * LOW HITPOINT WARNING * * *
The eight-headed hydra bites you!
* * * LOW HITPOINT WARNING * * *
The eight-headed hydra bites you!
* * * LOW HITPOINT WARNING * * *
The eight-headed hydra bites you!
You die...

♣♣≈≈≈........≈≈≈...##.#.
+♣♣%♣≈≈≈≈≈≈≈≈≈≈≈≈♣♣P.'.#.#
#.≈♣♣♣♣♣♣♣♣♣♣♣♣♣♣♣♣PP##.#.
#..♣♣ ♣♣♣##+##
###%♣♣♣♣♣♣♣♣♣♣♣♣♣♣ #...+
♣♣♣♣.##..##≈≈≈≈≈≈.. #...#
♣...##.##.#≈≈≈≈≈... #.).#
♣♣.##.##.##D†≈≈≈≈# #####
♣..#.##.)@#≈≈..§§§
♣♣.##.##.)#≈..+###
♣♣.##.#####...# ♣%....#
...# ####### ####


You could see an eight-headed hydra.

Vanquished Creatures
  Sigmund (D)
  Maud (D)
  Josephine (D)
  A hydra (D)
  A centaur warrior (D)
  2 unseen horrors (D)
  2 spiny frogs (D)
  Edmund (D)
  3 wandering mushrooms (D)
  A komodo dragon (D)
  A deep elf priest (D)
  A redback (D)
  A shadow (D)
  A spatial vortex (D)
  2 centaurs (D)
  A necrophage (D)
  An earth elemental (D)
  2 brain worms (D)
  A water elemental (D)
  A scorpion (D)
  An electric eel (D)
  24 killer bees (D)
  A jelly (D)
  Jessica (D)
  A wizard (D)
  A necromancer (D)
  3 humans (D)
  A kobold demonologist (D)
  3 rats (D)
62 creatures vanquished.

Vanquished Creatures (collateral kills)
  A lindwurm (D)
  A queen bee (D)
  2 redbacks (D)
  8 killer bees (D)
12 creatures vanquished.

Vanquished Creatures (others)
  2 draconian scorchers (D)
  2 yaktaurs (D)
  A plant (D)
5 creatures vanquished.

Grand Total: 79 creatures vanquished

Notes
Turn   | Place    | Note
--------------------------------------------------------------
     0 | D        | Kidiri the Troll Berserker began the quest for the Orb.
     0 | D        | Reached XP level 1. HP: 22/22 MP: 0/0
    28 | D        | Reached ** piety under Trog
    44 | D        | Noticed Jessica
    48 | D        | Killed Jessica
    48 | D        | Reached skill level 3 in Fighting
    48 | D        | Reached skill level 1 in Throwing
    48 | D        | Reached skill level 1 in Armour
    48 | D        | Reached XP level 2. HP: 31/31 MP: 1/1
    98 | D        | Reached skill level 4 in Maces & Flails
    98 | D        | Reached XP level 3. HP: 39/39 MP: 2/2
   131 | D        | Noticed a scorpion
   136 | D        | Killed a scorpion
   136 | D        | Reached *** piety under Trog
   136 | D        | Reached XP level 4. HP: 48/48 MP: 3/3
   146 | D        | Killed a yaktaur
   160 | D        | Gained mutation: Your muscles are strong. (Str +2) [potion of mutation]
   160 | D        | Gained mutation: Your magical capacity is low (-10% MP). [potion of mutation]
   160 | D        | Gained mutation: Your system is resistant to poisons. [potion of mutation]
   161 | D        | Gained mutation: You tend to lose your temper in combat. [potion of mutation]
   161 | D        | Gained mutation: You can breathe flames. [potion of mutation]
   177 | D        | Killed a white draconian scorcher
   183 | D        | Reached skill level 5 in Maces & Flails
   183 | D        | Reached skill level 5 in Dodging
   183 | D        | Reached XP level 5. HP: 55/55 MP: 3/3
   226 | D        | Found a radiant altar of Vehumet.
   226 | D        | Found a deep blue altar of Sif Muna.
   226 | D        | Found an ancient bone altar of Kikubaaqudgha.
   226 | D        | Killed a white draconian scorcher
   227 | D        | Killed a yaktaur
   229 | D        | Reached **** piety under Trog
   229 | D        | Reached skill level 5 in Fighting
   347 | D        | Found a glowing silver altar of Zin.
   348 | D        | Found a glowing golden altar of the Shining One.
   348 | D        | Found a white marble altar of Elyvilon.
   348 | D        | Noticed a deep elf priest
   361 | D        | Killed a deep elf priest
   361 | D        | Reached skill level 6 in Fighting
   361 | D        | Reached skill level 7 in Maces & Flails
   361 | D        | Reached XP level 6. HP: 36/68 MP: 4/4
   427 | D        | Found an iron altar of Okawaru.
   428 | D        | Found a bloodstained altar of Trog.
   428 | D        | Noticed a human
   428 | D        | Noticed a human
   438 | D        | Killed a human
   438 | D        | Reached XP level 7. HP: 76/76 MP: 5/5
   444 | D        | Killed a human
   444 | D        | Reached ***** piety under Trog
   502 | D        | Found a snail-covered altar of Cheibriados.
   506 | D        | Reached skill level 8 in Maces & Flails
   506 | D        | Reached skill level 5 in Throwing
   507 | D        | Received a gift from Trog
   509 | D        | Found a basalt altar of Yredelemnul.
   509 | D        | Found a blossoming altar of Fedhas.
   547 | D        | Noticed a shadow
   551 | D        | Killed a shadow
   596 | D        | Found a stormy altar of Qazlal.
   597 | D        | Found a sacrificial altar of Ru.
   597 | D        | Found a burning altar of Makhleb.
   597 | D        | Found a viscous altar of Jiyva.
   597 | D        | Found a shimmering altar of Xom.
   597 | D        | Found a shadowy altar of Dithmenos.
   597 | D        | Found a sparkling altar of Nemelex Xobeh.
   597 | D        | Found a corrupted altar of Lugonu.
   597 | D        | Found an opulent altar of Gozag.
   609 | D        | Reached skill level 5 in Armour
   609 | D        | Reached XP level 8. HP: 88/88 MP: 6/6
   653 | D        | Noticed Josephine
   682 | D        | Killed Josephine
   682 | D        | Reached skill level 9 in Maces & Flails
   778 | D        | Noticed a centaur warrior
   785 | D        | Received a gift from Trog
   785 | D        | Reached XP level 9. HP: 98/98 MP: 7/7
   788 | D        | Killed a centaur warrior
   788 | D        | Reached skill level 10 in Maces & Flails
   800 | D        | Got a slimy great mace {god gift}
   801 | D        | Identified the +9 great mace "Umnov" {crush, +Fly} (Trog gifted it to you in the Dungeon)
   993 | D        | Killed an unseen horror
   993 | D        | Reached skill level 10 in Fighting
  1030 | D        | Killed an unseen horror
  1030 | D        | Reached skill level 11 in Maces & Flails
  1030 | D        | Reached skill level 10 in Dodging
  1091 | D        | Received a gift from Trog
  1095 | D        | Reached XP level 10. HP: 111/111 MP: 8/8
  1099 | D        | Received a gift from Trog
  1102 | D        | Received a gift from Trog
  1114 | D        | Reached ****** piety under Trog
  1114 | D        | Received a gift from Trog
  1124 | D        | Received a gift from Trog
  1312 | D        | Received a gift from Trog
  1436 | D        | Received a gift from Trog
  1530 | D        | Noticed Sigmund
  1530 | D        | Noticed Edmund
  1537 | D        | Killed Sigmund
  1537 | D        | Received a gift from Trog
  1537 | D        | Reached skill level 12 in Maces & Flails
  1537 | D        | Reached XP level 11. HP: 123/123 MP: 8/8
  1545 | D        | Killed Edmund
  1603 | D        | Reached skill level 13 in Maces & Flails
  1704 | D        | Received a gift from Trog
  1716 | D        | Noticed a lindwurm
  1724 | D        | Killed a lindwurm
  1724 | D        | Received a gift from Trog
  1729 | D        | Received a gift from Trog
  1877 | D        | Noticed Maud
  1882 | D        | Killed Maud
  1882 | D        | Received a gift from Trog
  1885 | D        | Got a slimy giant club {god gift}
  1886 | D        | Identified the +6 giant club "Gubruv" {crush, *Rage rElec rPois Dex+2} (Trog gifted it to you in the Dungeon)
  2007 | D        | Noticed an eight-headed hydra
  2007 | D        | Noticed an eight-headed hydra
  2014 | D        | Killed an eight-headed hydra
  2015 | D        | HP: 6/124 [eight-headed hydra (10)]
  2015 | D        | Mangled by an eight-headed hydra

Vault maps used:
D:        dungeon_sprint_mu

Action                   |  1- 3 |  4- 6 |  7- 9 | 10-12 || total
-------------------------+-------+-------+-------+-------++-------
Melee: Mace              |    17 |    25 |    74 |       ||   116
       Great mace        |       |       |    19 |    60 ||    79
       Giant club        |       |       |       |     6 ||     6
Throw: Tomahawk          |       |       |     1 |     2 ||     3
       Large rock        |       |       |       |    11 ||    11
Invok: Berserk           |     3 |     3 |     7 |     2 ||    15
       Burn Spellbooks   |       |     1 |       |       ||     1
       Brothers in Arms  |       |       |       |     4 ||     4
       Trog's Hand       |       |       |       |     1 ||     1
 Abil: Breathe Fire      |       |       |     1 |     3 ||     4
  Use: Potion            |       |     2 |       |     3 ||     5
       Scroll            |       |     2 |       |       ||     2
 Stab: Distracted        |       |       |       |     1 ||     1
       Sleeping          |       |       |       |     1 ||     1
  Eat: Chunk             |     2 |     2 |     6 |     4 ||    14
       Bread ration      |       |     1 |     1 |       ||     2
       Royal jelly       |       |       |     2 |     4 ||     6
